 Dungeon Crawl Stone Soup version 0.23-a0-643-g9ccc95a (webtiles) character file.

931 rgaf the Ruffian (level 7, -2/52 HPs)
             Began as a Black Draconian Transmuter on Dec 31, 2018.
             Slain by a gnoll sergeant
             ... wielding a +0 spear
              (7 damage)
             ... on level 4 of the Dungeon.
             The game lasted 00:06:41 (6984 turns).

rgaf the Ruffian (Black Draconian Transmuter)       Turns: 6984, Time: 00:06:42

Health: -2/52      AC:  6    Str: 13    XL:     7   Next: 86%
Magic:  10/10      EV: 12    Int: 20    God:
Gold:   28         SH:  0    Dex: 11    Spells: 4/10 levels left

rFire    . . .     SeeInvis +     - Unarmed
rCold    . . .     Gourm    .   (no shield)
rNeg     . . .     Faith    .   (armour unavailable)
rPois    .         Spirit   .   (helmet restricted)
rElec    +         Reflect  .   t - scarf {cloud immunity}
rCorr    .         Harm     .   (no gloves)
MR       .....                  (no boots)
Stlth    +.........             (no amulet)
HPRegen  0.17/turn              m - ring of see invisible
MPRegen  0.12/turn              r - +5 ring of intelligence

@: lethally poisoned (-2 -> -4), short of breath
A: breathe lightning, unfitting armour, electricity resistance, cold-blooded, AC
+6
a: Breathe Lightning


You were on level 4 of the Dungeon.
You were very hungry.

You visited 1 branch of the dungeon, and saw 5 of its levels.
You also visited: Sewer.

You collected 224 gold pieces.
You spent 196 gold pieces at shops.

Inventory:

Missiles
 a - 28 arrows
Armour
 t - a scarf of cloud immunity (worn)
Jewellery
 h - a cursed ring of attention {unknown}
 m - a ring of see invisible (left hand)
 r - a +5 ring of intelligence (right hand)
Wands
 q - a wand of paralysis (7)
Scrolls
 b - 2 scrolls of blinking
 d - 2 scrolls of remove curse
 g - 3 scrolls of teleportation
 i - a scroll of enchant armour
 p - 2 scrolls of magic mapping
 s - a scroll of fog
Potions
 e - a potion of agility
 f - 2 potions of magic
 j - a potion of mutation {unknown}
 k - a potion of curing
 l - a potion of heal wounds {unknown}
 n - a potion of flight {unknown}
 o - 2 potions of ambrosia
Comestibles
 c - 7 rations


   Skills:
 - Level 1.1 Fighting
 - Level 1.7 Dodging
 * Level 7.5 Unarmed Combat
 - Level 2.0 Spellcasting
 + Level 5.1 Transmutations
 - Level 3.0 Poison Magic


You had 4 spell levels left.
You knew the following spells:

 Your Spells              Type           Power        Failure   Level  Hunger
a - Beastly Appendage     Tmut           ###...       1%          1    #......
b - Sticks to Snakes      Tmut           ###.....     3%          2    ##.....
c - Spider Form           Tmut/Pois      ###.......   9%          3    ###....

Your spell library contained the following spells:

 Spells                   Type           Power        Failure   Level  Hunger
 Ice Form                 Ice/Tmut       ##......     50%         4    #####..
 Blade Hands              Tmut           ###.......   47%         5    ######.


Dungeon Overview and Level Annotations

Branches:
Dungeon (5/15)
 Temple: D:4-7

Altars:
Yredelemnul

Shops:
D:4 ?

Annotations:
D:4 MsNecromancer's ghost, novice MiFi
D:5 Eustachio


Innate Abilities, Weirdness & Mutations

You can breathe wild blasts of lightning.
Your glossy black scales are hard. (AC +6)
You cannot fit into any form of body armour.
You are resistant to electric shocks. (rElec)
You are cold-blooded and may be slowed by cold attacks.


Message History

The gnoll sergeant is almost dead.
The adder bites you but does no damage. The gnoll sergeant barely misses you.
You closely miss the gnoll sergeant.
The gnoll sergeant is almost dead.
The adder bites you but does no damage.
The gnoll sergeant hits you but does no damage.
You feel better. The adder bites you but does no damage.
The gnoll sergeant hits you with a +0 spear!
* * * LOW HITPOINT WARNING * * *
The adder closely misses you.
You feel better.
The gnoll sergeant hits you with a +0 spear!
* * * LOW HITPOINT WARNING * * *
The adder barely misses you.
You feel better. The adder bites you.
* * * LOW HITPOINT WARNING * * *
You are poisoned.
The adder poisons you!
The gnoll sergeant hits you with a +0 spear!
You die...

######## #......#
#.####.# #.#
#.####
####.####....###
#.##.#....(.....
###....#..##......
#@g...............
#S#.......#.......
#.######..#.......
#.####..<.........
#.................
#.................
######.####.......
#.).............
#.#...###.......


You could see a gnoll sergeant and an adder.

Vanquished Creatures
  Sigmund (D:4)
  Edmund (D:4)
  An ogre (D:4)
  3 bullfrogs
  An orc priest (D:3)
  2 worker ants (D:4)
  3 gnolls
  8 adders
  6 oozes (Sewer)
  A worm (D:3)
  4 dart slugs
  14 leopard geckos
  15 orcs
  10 ball pythons
  20 giant cockroaches
  9 hobgoblins
  4 jackals (D:3)
  5 kobolds
  A quokka (D:4)
  8 bats
  14 frilled lizards
  11 goblins
  6 rats
148 creatures vanquished.

Vanquished Creatures (others)
  A plant (D:4)
1 creature vanquished.

Grand Total: 149 creatures vanquished

Notes
Turn   | Place    | Note
-------+----------+-------------------------------------------
     0 | D:1      | rgaf the Draconian Transmuter began the quest for the Orb.
     0 | D:1      | Reached XP level 1. HP: 16/16 MP: 3/3
   263 | D:1      | Reached XP level 2. HP: 14/23 MP: 5/5
  1631 | D:2      | Reached XP level 3. HP: 20/28 MP: 6/6
  1753 | D:2      | Reached skill level 4 in Unarmed Combat
  2192 | D:2      | Learned a level 2 spell: Sticks to Snakes
  2196 | D:2      | Learned a level 3 spell: Spider Form
  2446 | D:2      | Reached XP level 4. HP: 15/35 MP: 7/7
  3126 | D:3      | Reached skill level 1 in Poison Magic
  3673 | D:3      | Reached XP level 5. HP: 17/40 MP: 4/8
  4145 | D:4      | Noticed an ogre
  4161 | D:4      | Killed an ogre
  4161 | D:4      | Reached skill level 5 in Unarmed Combat
  4198 | D:4      | Found a transporter.
  4233 | D:4      | Reached XP level 6. HP: 41/47 MP: 5/9
  4308 | D:4      | Found a glowing drain.
  4318 | Sewer    | Entered a sewer
  5394 | Sewer    | Reached skill level 6 in Unarmed Combat
  5399 | Sewer    | Your scales start taking on a glossy black colour.
  5399 | Sewer    | Reached XP level 7. HP: 39/52 MP: 7/10
  5399 | Sewer    | Gained mutation: You are resistant to electric shocks.
                  | (rElec) [Black Draconian growth]
  5702 | D:4      | Found Vyof's Magic Scroll Boutique.
  5705 | D:4      | Bought a scroll of blinking for 105 gold pieces
  5705 | D:4      | Bought a scroll of teleportation for 42 gold pieces
  5705 | D:4      | Bought a scroll of magic mapping for 49 gold pieces
  5836 | D:4      | Noticed Edmund
  5857 | D:4      | Killed Edmund
  5862 | D:4      | Noticed Sigmund
  5878 | D:4      | HP: 2/52 [Sigmund/+0 scythe (8)]
  5881 | D:4      | Killed Sigmund
  5881 | D:4      | Reached skill level 7 in Unarmed Combat
  6350 | D:4      | Found a basalt altar of Yredelemnul.
  6497 | D:4      | Found a transporter.
  6516 | D:4      | Identified the +7 halberd of the Pits of Slime {venom, rC+
                  | MP+9}
  6680 | D:4      | Noticed MsNecromancer's ghost (novice MiFi)
  6849 | D:5      | Entered Level 5 of the Dungeon
  6852 | D:5      | Noticed Eustachio
  6854 | D:5      | Reached skill level 5 in Transmutations
  6983 | D:4      | HP: 1/52 [gnoll sergeant/+0 spear (11)]
  6984 | D:4      | Slain by a gnoll sergeant

Vault maps used:
D:1:      psy_arrival_radial02, serial_co_window_serial, co_window_paths_b,
          co_window_paths_b, co_window_paths_a, co_window_paths_a,
          co_window_paths_b, co_window_of_opportunity_a, co_window_paths_a,
          co_window_of_opportunity_b, co_window_unsneaky_path_c,
          co_window_broadway_b, glass_columns_c, glass_columns_a, eino_curves_04
D:2:      minmay_goblin_kobold_house
D:4:      marbit_many_paths, first_ration, portal_sewer_entry_a,
          gammafunk_ghost_gnarly_gnolls, serial_shops, kennysheep_mini,
          serial_curves, eino_curves_02, eino_curves_01,
          sigmund_edmund_badplayer
D:5:      old_standard_altar, minmay_temple_entry_statues_fountains,
          minmay_crossroads, uniq_grinder, uniq_eustachio, uniq_menkaure
Sewer:    sewer_frog_island_02

Skill      XL: |  1  2  3  4  5  6  7 |
---------------+----------------------+-----
Unarmed Combat | 4 5 6 7 |  7.5
Transmutations | 3 4 5 |  5.1
Poison Magic   | 1 2 3 |  3.0
Fighting       | |  1.1
Dodging        | |  1.7
Spellcasting   | |  2.0

Action                   |  1- 3 |  4- 6 |  7- 9 || total
-------------------------+-------+-------+-------++-------
Melee: Unarmed           |   168 |   396 |   121 ||   685
       Tailslap          |    11 |    30 |     9 ||    50
       Punch             |       |     6 |     1 ||     7
 Cast: Spider Form       |       |     4 |       ||     4
 Abil: Breathe Lightning |       |       |     4 ||     4
  Use: Scroll            |       |    10 |       ||    10
       Potion            |       |       |     5 ||     5
 Stab: Sleeping          |     2 |     2 |       ||     4
       Distracted        |     1 |       |       ||     1
  Eat: Chunk             |     5 |    10 |     5 ||    20
Armor: Skin              |    46 |   178 |    36 ||   260
Dodge: Dodged            |    96 |   339 |    74 ||   509

Table legend:
 A = Non-vault XP
 B = Vault XP
 C = Vault XP percentage of total XP
 D = Non-vault monster count
 E = Vault monster count
 F = Vault count percentage of total count
                 A         B        C        D         E       F
            +---------+---------+-------+---------+---------+-------
      Total |     467 |     864 |  64.9 |      77 |      71 |  48.0
            +---------+---------+-------+---------+---------+-------
        D:1 |      33 |       0 |   0.0 |      21 |       0 |   0.0
        D:2 |      51 |      16 |  23.9 |      13 |       8 |  38.1
        D:3 |     119 |       0 |   0.0 |      29 |       0 |   0.0
        D:4 |     236 |     410 |  63.5 |      12 |       6 |  33.3
        D:5 |      28 |      90 |  76.3 |       2 |       1 |  33.3
      Sewer |       0 |     348 | 100.0 |       0 |      56 | 100.0
            +---------+---------+-------+---------+---------+-------
